 Dungeon Crawl Stone Soup version 0.28-a0-224-g76b539d98b (webtiles) character file.

Game seed: 10754172754664277938

225 porpoise the Skirmisher (level 6, -7/66 HPs)
             Began as an Ogre Warper on Aug 22, 2021.
             Mangled by Sigmund (9 damage)
             ... on level 3 of the Dungeon.
             The game lasted 00:09:18 (3483 turns).

porpoise the Skirmisher (Ogre Warper)               Turns: 3483, Time: 00:09:19

Health: -7/66      AC:  3    Str: 13 (16) XL:     6   Next: 1%
Magic:  10/10      EV:  9    Int: 14 (16) God:
Gold:   154        SH:  0    Dex:  6 (8)  Spells: 8/10 levels left

rFire   . . .      SeeInvis .   a - +0 mace
rCold   . . .      Faith    .   (no shield)
rNeg    . . .      Spirit   .   i - +0 robe
rPois   .          Reflect  .   (helmet restricted)
rElec   .          Harm     .   (no cloak)
rCorr   .          Rampage  .   (gloves unavailable)
Will    .....                   (boots unavailable)
Stlth   +.........              (no amulet)
HPRegen 0.21/turn               (no ring)
MPRegen 0.12/turn               (no ring)

@: brilliant
A: large, unfitting armour, tough skin 1
a: no special abilities


You were on level 3 of the Dungeon.
You visited 1 branch of the dungeon, and saw 3 of its levels.

You collected 154 gold pieces.

Inventory:

Hand Weapons
 a - a +0 mace (weapon)
 b - a +0 hunting sling
Missiles
 d - 5 boomerangs of dispersal
 g - 90 stones
 h - 53 bolts
 k - 16 sling bullets
 n - 13 poisoned darts
Armour
 i - a +0 robe (worn)
Scrolls
 c - 2 scrolls of blinking
 m - a scroll of holy word {unknown}
 o - a scroll of teleportation {unknown}
Potions
 l - a potion of curing {unknown}
 p - a potion of flight {unknown}


   Skills:
 - Level 5.0 Fighting
 + Level 4.3 Maces & Flails
 - Level 1.0 Throwing
 - Level 2.1 Dodging
 - Level 2.7 Spellcasting
 - Level 2.9 Translocations


You had 8 spell levels left.
You knew the following spells:

 Your Spells              Type           Power      Damage    Failure   Level
k - Blink                 Tloc           N/A        N/A       10%         2

Your spell library contained the following spells:

 Spells                   Type           Power      Damage    Failure   Level
 Gell's Gravitas          Tloc           7%         N/A       21%         3
 Lesser Beckoning         Tloc           7%         N/A       21%         3
 Teleport Other           Tloc           15%        N/A       21%         3
 Manifold Assault         Tloc           15%        N/A       88%         5


Dungeon Overview and Level Annotations

Branches:
Dungeon (3/15)

Altars:
Vehumet
Wu Jian

Annotations:
D:3 Sigmund


Innate Abilities, Weirdness & Mutations

You are too large for most types of armour.
You have tough skin. (AC +1)


Message History

Sigmund barely misses you.
It was a potion of heal wounds.
You feel much better. Sigmund gestures at you while chanting.
The magic dart hits you!
You closely miss Sigmund.
Sigmund is moderately wounded.
Sigmund hits you with a +0 scythe!
You closely miss Sigmund.
Sigmund is moderately wounded.
Sigmund hits you but does no damage.
You closely miss Sigmund.
Sigmund is moderately wounded.
You hit Sigmund.
Sigmund is heavily wounded.
Sigmund hits you with a +0 scythe!
You sock Sigmund!
Sigmund is severely wounded.
Sigmund gestures at you while chanting.
You are confused.
You hit Sigmund.
Sigmund is almost dead.
Sigmund barely misses you.
You bump into the rock wall.
Sigmund hits you with a +0 scythe.
You hit Sigmund but do no damage.
Sigmund is almost dead.
You're too confused to move!
Sigmund casts a spell at you. You resist with some effort.
Sigmund casts a spell at you. The magic dart hits you!
* * * LOW HITPOINT WARNING * * *
Sigmund mumbles some strange words.
Sigmund flickers and vanishes!
Deactivating autopickup; reactivate with Ctrl-A.
You miss something.
You feel less confused. Something hits you!
* * * LOW HITPOINT WARNING * * *
You hit something. Something hits you!
You die...

.....####..# ....#
############ ########....#
........# ####..!.........
........# #(..............
........# #...(...........
........# #...........<...
........###.....@.........
..........####'###........
.....)..#.#.....@{.#######
........#...#####...#
#####+†...##.....##.#
#....#..........#
#...#.....##....#
#...#.....##....#
#..#..♣♣.........#
#..#..♣♣.....≈≈..#
#..#......_..≈≈..#


There were no monsters in sight!

Vanquished Creatures
  A howler monkey (D:3)
  An orc priest (D:3)
  Natasha (D:3)
  4 gnolls (D:3)
  3 adders (D:2)
  A worm (D:2)
  A dart slug (D:3)
  5 orcs (D:2)
  5 ball pythons
  An endoplasm (D:2)
  3 giant cockroaches
  4 goblins
  6 hobgoblins
  4 jackals (D:1)
  4 kobolds
  3 quokkas
  2 bats
  2 frilled lizards
  10 rats
61 creatures vanquished.

Notes
Turn   | Place    | Note
-------+----------+-------------------------------------------
     0 | D:1      | porpoise the Ogre Warper began the quest for the Orb.
     0 | D:1      | Reached XP level 1. HP: 22/22 MP: 3/3
   426 | D:1      | Reached XP level 2. HP: 29/29 MP: 5/5
   452 | D:1      | Reached skill level 3 in Fighting
   816 | D:2      | Found a radiant altar of Vehumet.
   986 | D:2      | Reached XP level 3. HP: 37/37 MP: 7/7
  1011 | D:2      | Learned a level 2 spell: Blink
  2015 | D:2      | Reached skill level 4 in Fighting
  2121 | D:2      | Reached XP level 4. HP: 48/48 MP: 8/8
  3058 | D:3      | Reached XP level 5. HP: 55/55 MP: 9/9
  3091 | D:3      | Reached skill level 5 in Fighting
  3262 | D:3      | Noticed Natasha
  3269 | D:3      | Killed Natasha
  3278 | D:3      | Reached XP level 6. HP: 53/66 MP: 10/10
  3365 | D:3      | Found an ornate altar of the Wu Jian Council.
  3450 | D:3      | Noticed Sigmund
  3482 | D:3      | HP: 2/66 [something (10)]
  3483 | D:3      | Mangled by Sigmund

Illustrated notes

Levels and vault maps discovered:
D:1:      lemuel_arrival_lava_pool, layout_rooms, dk_noncrumbling_4,
          minivault_11, kennysheep_nondescript
D:2:      layout_basic, basic_altar
D:3:      layout_basic, nemelex_diamond_rough_becter,
          nicolae_wu_jian_wuxing_cycle, grunt_ministairs_6,
          kennysheep_generic_room_13, uniq_sigmund, uniq_natasha

Skill      XL: |  1  2  3  4  5 |
---------------+----------------+-----
Fighting       | 3 4 5 |  5.0
Maces & Flails | 2 3 4 |  4.3
Throwing       | |  1.0
Dodging        | |  2.1
Spellcasting   | |  2.7
Translocations | |  2.9

Action                   |  1- 3 |  4- 6 || total
-------------------------+-------+-------++-------
Melee: Mace              |    58 |    89 ||   147
 Fire: Hunting sling     |    68 |    37 ||   105
  Use: Potion            |       |     3 ||     3
Armor: Robe              |    26 |    31 ||    57
Dodge: Dodged            |    36 |    59 ||    95

Table legend: (Time is in decaauts)
 A = Elapsed time spent in this place.
 B = Non-inter-level travel time spent in this place.
 C = Inter-level travel time spent in this place.
 D = Time resting spent in this place.
 E = Time spent auto-exploring this place.
 F = Levels seen in this place.
 G = Mean time per level.
                   A        B        C        D        E       F      G
               +--------+--------+--------+--------+--------+-----+--------+
         Total |   3529 |   3475 |     54 |   1435 |   1493 |   3 | 1176.3 |
       Dungeon |   3529 |   3475 |     54 |   1435 |   1493 |   3 | 1176.3 |
               +--------+--------+--------+--------+--------+-----+--------+

Top non-repeatable levels by time:
     D:2: 2237 daAuts
     D:1: 681 daAuts
     D:3: 610 daAuts
